 Dungeon Sprint DCSS version 0.28-a0-1374-ga75cb3825e (webtiles) character file.

Game seed: 7566155304771707339

592 mhtbhm the Protected (level 7, -1/50 HPs)
             Began as a Gargoyle Fighter on Jan 1, 2022.
             Was an Initiate of Okawaru.
             Slain by a fire elemental (13 damage)
             ... summoned by a deep elf pyromancer
             ... in the Dungeon (Sprint III: "The Ten Rune Challenge").
             The game lasted 00:02:25 (1179 turns).

mhtbhm the Protected (Gargoyle Fighter)             Turns: 1179, Time: 00:02:25

Health: -1/50      AC: 13    Str: 22    XL:     7   Next: 39%
Magic:  7/7        EV: 10    Int:  8    God:    Okawaru [......]
Gold:   27         SH:  5    Dex:  9    Spells: 6/6 levels left

rFire   . . .      SeeInvis .   a - +0 flail
rCold   . . .      Faith    .   c - +0 buckler
rNeg    + . .      Spirit   .   b - +0 scale mail
rPois   ∞          Reflect  .   (helmet restricted)
rElec   +          Harm     .   (no cloak)
rCorr   .          Rampage  .   (no gloves)
Will    .....      NoTele   +   (no boots)
Stlth   ..........              (no amulet)
HPRegen 0.16/turn               (no ring)
MPRegen 0.10/turn               (no ring)

@: no status effects
A: sickness immunity, AC +4, negative energy resistance 1, electricity
resistance, torment resistance 1, petrification resistance, horns 1, talons 1,
wild magic 1
a: Renounce Religion


You were in the Dungeon.
You worshipped Okawaru.
Okawaru was noncommittal.
You visited 1 branch You collected 27 gold pieces.

Inventory:

Hand Weapons
 a - a +0 flail (weapon)
Armour
 b - a +0 scale mail (worn)
 c - a +0 buckler (worn)
Wands
 p - a wand of mindburst (12)
Scrolls
 f - a scroll of holy word {unknown}
 k - 3 scrolls of identify
 m - a scroll of torment {unknown}
Potions
 d - a potion of might
 g - a potion of haste
 h - 2 potions of magic
 l - a potion of resistance {unknown}
 n - 2 potions of flight
 o - 4 potions of mutation


   Skills:
 + Level 8.3 Fighting
 + Level 9.3 Maces & Flails
 + Level 9.3 Armour
 + Level 2.6 Dodging
 + Level 1.5 Stealth
 + Level 7.1 Shields


You had 6 spell levels left.
You didn't know any spells.
Your spell library contained the following spells:

 Spells                   Type           Power      Damage    Failure   Level
 Slow                     Hex            0%         N/A       75%         1
 Confusing Touch          Hex            0%         N/A       98%         3
 Vampiric Draining        Necr           0%         2d6       98%         3


Dungeon Overview and Level Annotations

Branches:
Dungeon (1/1)

Altars:
Dithmenos
Elyvilon
Kikubaaqudgha
Okawaru
Ru
Sif Muna
Trog
Uskayaw
Vehumet
Wu Jian
Yredelemnul
Zin
The Shining One
Beogh


Innate Abilities, Weirdness & Mutations

You are immune to sickness and miasma.
Your stone body is resilient. (AC +4)
You are immune to poison.
You resist negative energy. (rN+)
You are resistant to electric shocks. (rElec)
You are resistant to unholy torment.
You are immune to petrification.
You have a pair of small horns on your head.
You have sharp toenails.
Your spells are a little harder to cast, but a little more powerful.


Message History

Your headbutt misses the deep elf pyromancer.
The deep elf pyromancer is heavily wounded.
The deep elf pyromancer points at you and mumbles some strange words.
The sticky flame hits you but does no damage.
You are covered in liquid flames!
The fire elemental hits you. The fire elemental burns you!
The fire elemental hits you. The fire elemental burns you!
* * * LOW HITPOINT WARNING * * *
Unknown command.
Aiming: Mindburst
Press: ? - help, Shift-Dir - straight line, f - deep elf pyromancer
Aim: a deep elf pyromancer, wielding a +2 long sword of holy wrath (heavily wounded, chance to affect: 47%)
Okay, then.
Aiming: Mindburst
Press: ? - help, Shift-Dir - straight line, f - deep elf pyromancer
Aim: a deep elf pyromancer, wielding a +2 long sword of holy wrath (heavily wounded, chance to affect: 47%)
The deep elf pyromancer resists with some effort.
You are covered in liquid flames!
* * * LOW HITPOINT WARNING * * *
The fire elemental hits you. The fire elemental burns you!
* * * LOW HITPOINT WARNING * * *
You block the fire elemental's attack.
The deep elf pyromancer barely misses you.
Unknown command.
Blink to where?
Press: ? - help, Dir - move target, p - deep elf pyromancer
As you read the scroll of blinking, it crumbles to dust.
You are covered in liquid flames!
* * * LOW HITPOINT WARNING * * *
You are no longer on fire.
Unknown command.
Okay, then.
Things that are here:
a +0 club; a +0 robe You feel better.
You block the fire elemental's attack. The fire elemental closely misses you.
The fire elemental hits you.
* * * LOW HITPOINT WARNING * * *
The fire elemental burns you!
You die...

▓▓▓▓▓▓▓▓▓ ▓▓▓
▓<..#...#### ##.##
▓...#......#####..#_
▓..##..○○...#..#..#!
▓##@##E##☼..#..#..##
##E##○###E.##'#..#.
▓#E####°##○.###...☼○
▓°###☼☼##.○####..E#.
▓#°☼E..##.○###....#.
###..##..°##.....#.
#..##...○#○.....#'
#..###..##○#.....#.
#). #.. ####....#_


You could see 2 fire elementals.

Vanquished Creatures
  A necrophage (D)
  A water elemental (D)
  A scorpion (D)
  Jessica (D)
  A necromancer (D)
  A wizard (D)
  3 humans (D)
  A kobold demonologist (D)
  3 rats (D)
13 creatures vanquished.

Notes
Turn   | Place    | Note
-------+----------+-------------------------------------------
     0 | D        | mhtbhm the Gargoyle Fighter began the quest for the Orb.
     0 | D        | Reached XP level 1. HP: 14/14 MP: 1/1
   128 | D        | Noticed Jessica
   139 | D        | Killed Jessica
   140 | D        | Reached XP level 2. HP: 8/20 MP: 2/2
   140 | D        | Reached XP level 3. HP: 10/25 MP: 3/3
   364 | D        | Reached skill level 5 in Fighting
   364 | D        | Reached skill level 5 in Armour
   530 | D        | Noticed a scorpion
   542 | D        | Killed a scorpion
   543 | D        | Reached skill level 5 in Maces & Flails
   543 | D        | Reached skill level 5 in Shields
   543 | D        | Reached XP level 4. HP: 5/32 MP: 4/4
   781 | D        | Gained mutation: Your spells are a little harder to cast,
                  | but a little more powerful. [potion of mutation]
   781 | D        | Gained mutation: You have sharp toenails. [potion of
                  | mutation]
   781 | D        | Gained mutation: You have a pair of small horns on your
                  | head. [potion of mutation]
   809 | D        | Noticed a water elemental
   816 | D        | Killed a water elemental
   817 | D        | Reached skill level 1 in Dodging
   817 | D        | Reached XP level 5. HP: 28/37 MP: 5/5
   892 | D        | Found a hide-covered altar of Uskayaw.
   892 | D        | Found an iron altar of Okawaru.
   892 | D        | Found a bloodstained altar of Trog.
   892 | D        | Found an ornate altar of the Wu Jian Council.
   892 | D        | Noticed a human
   892 | D        | Noticed a human
   900 | D        | Killed a human
   901 | D        | Reached skill level 1 in Stealth
   901 | D        | Reached XP level 6. HP: 44/44 MP: 6/6
   903 | D        | Killed a human
   904 | D        | Reached XP level 7. HP: 48/48 MP: 7/7
   908 | D        | Became a worshipper of Warmaster Okawaru
   981 | D        | Found a basalt altar of Yredelemnul.
   981 | D        | Found a shadowy altar of Dithmenos.
   981 | D        | Found a sacrificial altar of Ru.
  1052 | D        | Found a radiant altar of Vehumet.
  1053 | D        | Found a shimmering blue altar of Sif Muna.
  1053 | D        | Found an ancient bone altar of Kikubaaqudgha.
  1054 | D        | Noticed a red devil
  1145 | D        | Found a glowing silver altar of Zin.
  1145 | D        | Found a glowing golden altar of the Shining One.
  1145 | D        | Found a white marble altar of Elyvilon.
  1146 | D        | Noticed a deep elf pyromancer
  1151 | D        | Noticed a fire elemental
  1151 | D        | Noticed a fire elemental
  1154 | D        | HP: 1/50 [burnt (3)]
  1179 | D        | Slain by a fire elemental

Illustrated notes

Levels and vault maps discovered:
D:        dungeon_sprint_mu [sprint_mu_entry_cave, sprint_mu_temple_rooms,
          sprint_mu_d1_spiders, sprint_mu_d2_genie, sprint_mu_d3_branching,
          sprint_mu_orc_legion, sprint_mu_elf_gauntlet, sprint_mu_hive_nellie,
          sprint_mu_lair_fedhas, sprint_mu_vaults_butterflies,
          sprint_mu_slime_circle, sprint_mu_swamp_cave, sprint_mu_shoals_archi,
          sprint_mu_blade_basic, sprint_mu_crypt_lich, sprint_mu_tomb_spiral,
          sprint_mu_vestibule_basic, sprint_mu_gehenna_hellfire,
          sprint_mu_dis_giant, sprint_mu_tartarus_statrot,
          sprint_mu_cocytus_islands, sprint_mu_zot1]

Skill      XL: |  1  2  3  4  5  6  7 |
---------------+----------------------+-----
Fighting       | 4 5 6 7 8 |  8.3
Maces & Flails | 3 5 6 7 8 9 |  9.3
Armour         | 4 5 6 7 8 9 |  9.3
Shields        | 4 5 6 7 |  7.1
Dodging        | 1 2 |  2.6
Stealth        | 1 |  1.5

Action                   |  1- 3 |  4- 6 |  7- 9 || total
-------------------------+-------+-------+-------++-------
Melee: Flail             |    56 |    13 |    16 ||    85
       Headbutt          |       |     4 |     3 ||     7
       Kick              |       |     3 |     4 ||     7
Evoke: Wand              |       |       |     1 ||     1
  Use: Potion            |     1 |     2 |     2 ||     5
       Scroll            |       |       |     1 ||     1
Armor: Scale mail        |    24 |     1 |     6 ||    31
Dodge: Dodged            |    16 |     4 |     6 ||    26
Block: Buckler           |    14 |       |     4 ||    18

Table legend: (Time is in decaauts)
 A = Elapsed time spent in this place.
 B = Non-inter-level travel time spent in this place.
 C = Inter-level travel time spent in this place.
 D = Time resting spent in this place.
 E = Time spent auto-exploring this place.
 F = Levels seen in this place.
 G = Mean time per level.
                   A        B        C        D        E       F      G
               +--------+--------+--------+--------+--------+-----+--------+
         Total |   1209 |   1209 |      0 |    924 |     20 |   1 | 1209.0 |
       Dungeon |   1209 |   1209 |      0 |    924 |     20 |   1 | 1209.0 |
               +--------+--------+--------+--------+--------+-----+--------+

Top non-repeatable levels by time:
       D: 1209 daAuts
